 Dungeon Sprint DCSS version 0.24.0-123-gd5b16e6ec5 (webtiles) character file.

Game seed: 14216722567394861646, levelgen mode: deterministic

10 McKennaii the Conjurer (level 2, -3/20 HPs)
             Began as a Draconian Conjurer on Jan 26, 2020.
             Killed by nerve-wracking pain
             ... invoked by Menkaure
              (12 damage)
             ... in the Dungeon (Sprint II: "The Violet Keep of Menkaure").
             The game lasted 00:00:35 (71 turns).

McKennaii the Conjurer (Draconian Conjurer)           Turns: 71, Time: 00:00:35

Health: -3/20      AC:  4    Str: 10    XL:     2   Next: 10%
Magic:  0/5        EV: 12    Int: 15    God:
Gold:   243        SH:  0    Dex: 11    Spells: 5/6 levels left

rFire    . . .     SeeInvis .   (no weapon)
rCold    . . .     Gourm    .   (no shield)
rNeg     . . .     Faith    .   (armour unavailable)
rPois    .         Spirit   .   (helmet restricted)
rElec    .         Reflect  .   (no cloak)
rCorr    .         Harm     .   (no gloves)
MR       .....     NoTele   +   (no boots)
Stlth    ++........             (no amulet)
HPRegen  0.06/turn              (no ring)
MPRegen  0.09/turn              (no ring)

@: no status effects
A: unfitting armour, cold-blooded, AC +4
a: no special abilities


You were in the Dungeon.
You were not hungry.

You visited 1 branch You collected 243 gold pieces.

Inventory:

Scrolls
 h - a scroll of blinking
Potions
 c - a potion of curing
 d - a potion of heal wounds
 e - a potion of haste
 f - 2 potions of magic
Comestibles
 b - a ration


   Skills:
 + Level 2.0 Dodging
 + Level 2.0 Stealth
 * Level 2.6 Spellcasting
 + Level 5.3 Conjurations


You had 5 spell levels left.
You knew the following spells:

 Your Spells              Type           Power        Failure   Level  Hunger
a - Magic Dart            Conj           ###.         2%          1    #......

Your spell library contained the following spells:

 Spells                   Type           Power        Failure   Level  Hunger
 Searing Ray              Conj           ###...       3%          2    ###....
 Dazzling Spray           Conj/Hex       #.....       22%         3    ###....
 Iskenderun's Mystic Bla  Conj           ###.....     22%         4    #####..
 Force Lance              Conj/Tloc      #.......     56%         4    #####..
 Fulminant Prism          Conj/Hex       #.........   56%         4    #####..


Dungeon Overview and Level Annotations

Branches:
Dungeon (1/1)

Altars:

Annotations:
D Menkaure


Innate Abilities, Weirdness & Mutations

Your plain brown scales are hard. (AC +4)
You cannot fit into any form of body armour.
You are cold-blooded and may be slowed by cold attacks.


Message History

Aiming: Magic Dart (safe; 2% risk of failure)
Press: ? - help, Shift-Dir - straight line, f/p - Menkaure
Aim: Menkaure (heavily damaged)
The magic dart hits Menkaure.
Menkaure is severely damaged.
You recover from your berserk rage.
You hit Menkaure.
Menkaure is almost destroyed.
Menkaure hits you!
You hit Menkaure but do no damage.
You tail-slap Menkaure, but do no damage.
Menkaure is almost destroyed.
Menkaure gestures at you while chanting.
Pain shoots through your body!
You hit Menkaure but do no damage.
Your tail-slap misses Menkaure.
Menkaure is almost destroyed.
Menkaure casts a spell at you. Pain shoots through your body!
Ouch! That really hurt!
You die... z

§z zz #+++#+++##
......M@.#
≈.##+##..# ##
##.#### H#
#H#....# # .#$
###..## ##.
#+###.##..#
#.w.##.##.###..#
#+.<.†##.'..#
#.w$##.##...#....#


You could see Menkaure.

Vanquished Creatures
  3 worms (D)
3 creatures vanquished.

Notes
Turn   | Place    | Note
-------+----------+-------------------------------------------
     0 | D        | McKennaii the Draconian Conjurer began the quest for the
                  | Orb.
     0 | D        | Reached XP level 1. HP: 14/14 MP: 3/3
     1 | D        | Noticed a tyrant leech
     1 | D        | Noticed a tyrant leech
     5 | D        | Noticed a hippogriff
     5 | D        | Noticed a hippogriff
    17 | D        | Reached skill level 5 in Conjurations
    19 | D        | Reached XP level 2. HP: 20/20 MP: 1/5
    60 | D        | Noticed a flying skull
    60 | D        | Noticed a flying skull
    60 | D        | Noticed a flying skull
    60 | D        | Noticed a flying skull
    60 | D        | Noticed a flying skull
    62 | D        | Noticed Menkaure
    71 | D        | Killed from afar by Menkaure

Levels and vault maps discovered:
D:        the_violet_keep_of_menkaure [sprint2_stairs_cluster_1,
          sprint2_shoproom, sprint2_temple, sprint2_basic_supplies,
          sprint2_obstacle_5, sprint2_obstacle_6, sprint2_obstacle_1,
          sprint2_obstacle_3, sprint2_obstacle_2, sprint2_timed_cluster_1,
          sprint2_smallroom_cluster_1, sprint2_smallroom_final_cluster_1,
          sprint2_transparent_cluster_1, sprint2_second_timed_cluster_1,
          sprint2_sniper_area_1, sprint2_heavy_combat_area_1,
          sprint2_mutation_trap_area_1, sprint2_forest_area_1,
          sprint2_light_combat_area_1, sprint2_behind_water_1,
          sprint2_near_end_vault_1]

Skill      XL: |  1 |
---------------+----+-----
Dodging        | 2 |  2.0
Conjurations   | 5 |  5.3
Stealth        | 2 |  2.0
Spellcasting   | |  2.6

Action                   || total
-------------------------++-------
Melee: Unarmed           ||    11
       Tailslap          ||     4
 Cast: Magic Dart        ||     7
  Use: Potion            ||     1
Dodge: Dodged            ||     1
